 Dungeon Crawl Stone Soup version 0.21.1-1-g345015f (webtiles) character file.

4979 kae the Cleaver (level 10, 0/88 HPs)
             Began as a Hill Orc Fighter on June 15, 2018.
             Was a Priest of Beogh.
             Slain by a yak (13 damage)
             ... on level 9 of the Dungeon.
             The game lasted 00:08:05 (8801 turns).

kae the Cleaver (Hill Orc Fighter)                  Turns: 8801, Time: 00:08:06

Health: 0/88       AC: 11    Str: 23    XL:     10   Next: 53%
Magic:  16/16      EV: 11    Int:  8    God:    Beogh [***...]
Gold:   378        SH:  9    Dex: 13    Spells: 9/9 levels left

rFire    . . .     SeeInvis +   a - +1 war axe
rCold    + . .     Gourm    .   c - +0 shield
rNeg     . . .     Faith    .   u - +1 ring mail {rC+}
rPois    .         Spirit   .   j - +0 helmet
rElec    .         Reflect  .   (no cloak)
rCorr    .         Harm     .   A - +1 pair of gloves {Dex+3}
MR       .....                  (no boots)
Stlth    +.........             (no amulet)
HPRegen  0.24/turn              (no ring)
MPRegen  0.15/turn              g - ring of see invisible

@: no status effects
A: no striking features
a: Smiting, Renounce Religion


You were on level 9 of the Dungeon.
You worshipped Beogh.
Beogh was most pleased with you.
You were hungry.

You visited 1 branch of the dungeon, and saw 9 of its levels.

You collected 474 gold pieces.
You spent 96 gold pieces at shops.

Inventory:

Hand Weapons
 a - a +1 war axe (weapon)
Armour
 c - a +0 shield (worn)
 j - a +0 helmet (worn)
 u - a +1 ring mail of cold resistance (worn)
 A - a +1 pair of gloves of dexterity (worn)
Jewellery
 b - an uncursed ring of positive energy {unknown}
 g - a ring of see invisible (right hand)
Wands
 m - a wand of digging (10)
 s - a wand of iceblast (6)
 z - a wand of paralysis (15)
Scrolls
 i - a scroll of remove curse
 n - a scroll of identify
 o - a scroll of fog
 y - a scroll of fear
Potions
 d - 2 potions of might
 h - 7 potions of curing
 k - 3 potions of heal wounds
 l - 2 potions of flight
 q - a potion of cancellation
 r - 2 potions of agility
 t - 2 potions of lignification
 w - 2 potions of resistance {unknown}
 B - 2 potions of mutation {unknown}
Books
 e - a book of Conjurations

   Spells                             Type                      Level
   a - Magic Dart                     Conjuration                  1
   b - Searing Ray                    Conjuration                  2
   c - Dazzling Spray                 Conjuration/Hexes            3
   d - Fulminant Prism                Conjuration/Hexes            4
   e - Force Lance                    Conjuration/Translocation    4
   f - Iskenderun's Mystic Blast      Conjuration                  4
 v - a book of Changes

   Spells                             Type                      Level
   a - Beastly Appendage              Transmutation                1
   b - Sticks to Snakes               Transmutation                2
   c - Spider Form                    Transmutation/Poison         3
   d - Ice Form                       Ice/Transmutation            4
   e - Blade Hands                    Transmutation                5
Comestibles
 f - 20 rations


   Skills:
 + Level 8.3 Fighting
 * Level 11.5 Axes
 + Level 7.6 Armour
 + Level 4.8 Dodging
 - Level 3.2 Shields
 * Level 8.5 Invocations


You had 9 spell levels left.
You didn't know any spells.

Dungeon Overview and Level Annotations

Branches:
Dungeon (9/15)             Temple (0/1) D:7
   Lair: D:8-11         Orc: D:9-12

Altars:
Ashenzari
Elyvilon
Gozag
Makhleb
Sif Muna
Trog
Vehumet
Xom
Zin

Shops:
D:4 !

Annotations:
D:3 Zubo's ghost, amateur HuNe
D:4 goulibeur's ghost, novice DsAK


Message History

The yak is moderately wounded.
You block the yak's attack.
You hit the yak but do no damage.
The yak is moderately wounded.
The yak completely misses you.
You hit the yak.
The yak is moderately wounded.
The yak gores you.
* * * LOW HITPOINT WARNING * * *
You slash the yak!
The yak is heavily wounded.
You block the yak's attack.
You hit the yak but do no damage.
The yak is heavily wounded.
The yak gores you!
* * * LOW HITPOINT WARNING * * *
You slash the yak!
The yak is severely wounded.
The yak gores you!
You die...

#.....†.......#
#.#######.###.##
#.##......##...##
#.##.######.....##
........##.......#
#.##.##..........#
#.##.#####.......#
#.##.# ##....Y.#
#.##.# ##...#@#
#.##.########.##.#
..............##.#
###..###########.#
###..# #.# ##...##
#)## ......## #..#
.##.##.## ##(#
........#####PP≈.≈.≈.#


You could see a yak.

Vanquished Creatures
  The ghost of inc the Fiendish, a novice DsMo of Makhleb (D:9)
  2 dream sheep (D:9)
  A wyvern (D:9)
  A yak (D:9)
  A water moccasin (D:9)
  Duvessa (D:7)
  2 ice beasts
  2 orc warriors (D:8)
  2 sky beasts
  2 black bears (D:8)
  A phantom (D:4)
  3 ogres
  4 centaurs
  3 big kobolds
  4 bullfrogs
  Dowan (D:7)
  3 scorpions
  A wight (D:4)
  2 howler monkeys (D:8)
  2 crimson imps (D:6)
  A bullfrog zombie (D:9)
  A quasit (D:6)
  5 orc priests
  3 bullfrog skeletons
  7 hounds
  A jelly (D:6)
  2 orc wizards
  Jessica (D:2)
  A centaur skeleton (D:9)
  3 iguanas
  Ijyb (D:3)
  7 worker ants
  A hound zombie (D:6)
  3 hound skeletons
  2 worker ant zombies
  12 adders
  4 gnolls (D:3)
  3 shadow imps
  An ooze (D:1)
  An adder zombie (D:8)
  3 worms
  2 dart slugs
  7 leopard geckos
  19 orcs
  2 ball pythons
  7 giant cockroaches
  7 goblins
  7 hobgoblins
  5 jackals (D:6)
  3 quokkas
  A ball python zombie (D:6)
  7 bats
  3 frilled lizards
  13 kobolds
  2 quokka skeletons
  7 rats
194 creatures vanquished.

Vanquished Creatures (others)
  An orc wizard (D:4)
  An orc (D:4)
2 creatures vanquished.

Grand Total: 196 creatures vanquished

Notes
Turn   | Place    | Note
-------+----------+-------------------------------------------
     0 | D:1      | kae the Hill Orc Fighter began the quest for the Orb.
     0 | D:1      | Reached XP level 1. HP: 19/19 MP: 1/1
   112 | D:1      | Reached skill level 3 in Axes
   125 | D:1      | Reached XP level 2. HP: 27/27 MP: 2/2
   350 | D:1      | Reached XP level 3. HP: 33/33 MP: 3/3
   701 | D:2      | Reached skill level 4 in Axes
   794 | D:2      | Noticed Jessica
   797 | D:2      | Killed Jessica
   797 | D:2      | Reached XP level 4. HP: 40/40 MP: 4/4
  1084 | D:3      | Noticed Ijyb
  1096 | D:3      | Killed Ijyb
  1195 | D:3      | Reached skill level 1 in Dodging
  1207 | D:3      | Reached XP level 5. HP: 37/47 MP: 5/5
  1209 | D:3      | Reached skill level 5 in Axes
  1215 | D:3      | Found a bloodstained altar of Trog.
  1658 | D:3      | Noticed Zubo's ghost (amateur HuNe)
  2123 | D:4      | Reached XP level 6. HP: 37/55 MP: 6/6
  2197 | D:4      | Noticed a phantom
  2226 | D:4      | Reached skill level 5 in Fighting
  2226 | D:4      | Reached skill level 6 in Axes
  2249 | D:4      | Killed a phantom
  2633 | D:4      | Reached XP level 7. HP: 57/61 MP: 7/7
  2719 | D:4      | Reached skill level 5 in Armour
  2729 | D:4      | Reached skill level 7 in Axes
  3072 | D:4      | Found a shattered altar of Ashenzari.
  3104 | D:4      | Became a worshipper of Beogh the Brigand
  3329 | D:4      | Found Utunlob's Distillery.
  3334 | D:4      | Bought a potion of heal wounds for 60 gold pieces
  3334 | D:4      | Bought a potion of lignification for 36 gold pieces
  3490 | D:4      | Noticed goulibeur's ghost (novice DsAK)
  3505 | D:5      | Entered Level 5 of the Dungeon
  3655 | D:5      | Found an opulent altar of Gozag.
  3669 | D:5      | Reached XP level 8. HP: 54/70 MP: 8/8
  3912 | D:5      | Reached skill level 8 in Axes
  4508 | D:6      | Reached * piety under Beogh
  4552 | D:6      | Reached skill level 1 in Invocations
  5565 | D:6      | Found a white marble altar of Elyvilon.
  5642 | D:6      | Reached skill level 9 in Axes
  5694 | D:7      | Noticed Dowan
  5714 | D:7      | Noticed Duvessa
  5844 | D:7      | Found a shimmering altar of Xom.
  5972 | D:7      | Found a burning altar of Makhleb.
  5974 | D:7      | Found a glowing silver altar of Zin.
  5974 | D:7      | Noticed an angel
  5975 | D:7      | Noticed a blizzard demon
  6037 | D:7      | Killed Dowan
  6037 | D:7      | Reached XP level 9. HP: 63/78 MP: 12/12
  6038 | D:7      | Killed Duvessa
  6102 | D:7      | Found a staircase to the Ecumenical Temple.
  6126 | D:7      | Found a deep blue altar of Sif Muna.
  6131 | D:7      | Found a radiant altar of Vehumet.
  6527 | D:8      | Reached skill level 5 in Invocations
  6571 | D:8      | Reached ** piety under Beogh
  6890 | D:8      | Reached skill level 10 in Axes
  8236 | D:9      | Reached XP level 10. HP: 77/88 MP: 15/15
  8270 | D:9      | Reached *** piety under Beogh
  8287 | D:9      | Noticed inc's ghost (novice DsMo)
  8311 | D:9      | Killed inc's ghost
  8311 | D:9      | Reached skill level 11 in Axes
  8801 | D:9      | Slain by a yak

Skill      XL: |  1  2  3  4  5  6  7  8  9 10 |
---------------+-------------------------------+-----
Axes           | 3 4 5 6 7 9 10 11 | 11.5
Fighting       | 4 5 6 7 8 |  8.3
Armour         | 4 5 6 7 |  7.6
Dodging        | 1 2 3 4 |  4.8
Invocations    | 4 7 8 |  8.5
Shields        | |  3.2

Action                   |  1- 3 |  4- 6 |  7- 9 | 10-12 || total
-------------------------+-------+-------+-------+-------++-------
Melee: War axe           |    85 |   171 |   454 |    96 ||   806
Invok: Convert to Beogh  |       |       |     1 |       ||     1
Evoke: Wand              |       |     1 |     2 |       ||     3
  Use: Scroll            |       |    11 |     4 |       ||    15
       Potion            |       |     2 |     1 |       ||     3
  Eat: Chunk             |       |     6 |    15 |     1 ||    22
       Ration            |       |       |     1 |       ||     1
Armor: Scale mail        |    35 |    77 |   130 |       ||   242
       Ring mail         |       |       |    44 |    23 ||    67
Dodge: Dodged            |    30 |    58 |   177 |    27 ||   292
Block: Shield            |    45 |    77 |   234 |    29 ||   385
